 Dungeon Crawl Stone Soup version 0.24.0-10-g970556be89 (webtiles) character file.

Game seed: 14654539760307856018, levelgen mode: deterministic

18565 MirrMurr the Archer (level 12, -1/110 HPs)
             Began as a Centaur Hunter on Nov 2, 2019.
             Was the Champion of Okawaru.
             Slain by a spiny frog (14 damage)
             ... on level 3 of the Lair of Beasts on Nov 3, 2019.
             The game lasted 00:44:26 (21175 turns).

MirrMurr the Archer (Centaur Hunter)               Turns: 21175, Time: 00:44:28

Health: -1/110     AC: 21    Str: 20    XL:     12   Next: 28%
Magic:  19/19      EV:  4    Int: 10    God:    Okawaru [******]
Gold:   764        SH:  0    Dex: 10    Spells: 11/11 levels left

rFire    + . .     SeeInvis .   b - +4 scimitar (slice)
rCold    . . .     Gourm    .   (no shield)
rNeg     + . .     Faith    +   q - +0 plate armour
rPois    .         Spirit   .   k - +0 helmet
rElec    .         Reflect  .   B - +0 cloak
rCorr    +         Harm     .   (no gloves)
MR       .....                  G - +3 centaur barding "Lodof" {rF+ rN+ rCorr}
Stlth    ..........             D - amulet of faith
HPRegen  0.28/turn              (no ring)
MPRegen  0.16/turn              (no ring)

@: lethally poisoned (-1 -> -18), very quick
A: large, hooves 3, deformed body, speed 2, tough skin 3
a: Heroism, Finesse, Renounce Religion


You were on level 3 of the Lair of Beasts.
You worshipped Okawaru.
Okawaru was exalted by your worship.
You were not hungry.

You visited 3 branches of the dungeon, and saw 15 of its levels.

You collected 764 gold pieces.

Inventory:

Hand Weapons
 a - a +2 shortbow of velocity
 b - a +4 scimitar of slicing (weapon)
 w - a +5 flail of freezing
Missiles
 d - 267 arrows
 g - 452 stones (quivered)
Armour
 k - a +0 helmet (worn)
 q - a +0 plate armour (worn)
 B - a +0 cloak (worn)
 G - the +3 centaur barding "Lodof" (worn) {rF+ rN+ rCorr}
   (Okawaru gifted it to you on level 3 of the Lair of Beasts)

   It protects you from fire.
   It protects you from negative energy.
   It provides partial protection from all sources of acid and corrosion.
Jewellery
 A - an uncursed ring of fire
 D - an amulet of faith (around neck)
Wands
 j - a wand of polymorph (6)
 m - a wand of flame (20)
 C - a wand of enslavement (10)
 E - a wand of clouds (9)
 H - a wand of random effects (9)
Scrolls
 e - 2 scrolls of enchant armour
 i - 5 scrolls of identify
 r - 14 scrolls of remove curse
 s - 3 scrolls of fear
 x - 4 scrolls of enchant weapon
 y - 3 scrolls of teleportation
 z - a scroll of summoning
Potions
 c - a potion of flight
 h - a potion of berserk rage
 l - a potion of lignification
 n - 6 potions of curing
 o - 4 potions of haste
 p - a potion of heal wounds
 t - 3 potions of resistance
 u - 5 potions of invisibility
 v - 2 potions of mutation
Comestibles
 f - 18 rations
 F - 10 chunks of flesh


   Skills:
 * Level 11.2 Fighting
 - Level 14.0 Bows
 + Level 6.1 Armour
 + Level 6.4 Dodging
 - Level 0.4 Stealth
 - Level 10.0 Invocations


You had 11 spell levels left.
You didn't know any spells.
Your spell library contained the following spells:

 Spells                   Type           Power        Failure   Level  Hunger
 Corona                   Hex            #......      100%        1    ##.....
 Shock                    Conj/Air       #...         100%        1    ##.....
 Ensorcelled Hibernation  Hex/Ice        #.....       100%        2    ###....
 Swiftness                Chrm/Air       #.......     100%        2    ###....
 Confuse                  Hex            #.......     100%        3    ####...
 Dazzling Spray           Conj/Hex       #.....       100%        3    ####...
 Static Discharge         Conj/Air       #.......     100%        3    ####...
 Tukima's Dance           Hex            #.......     100%        3    ####...
 Airstrike                Air            #.........   100%        4    #####..
 Ice Form                 Ice/Tmut       #.......     100%        4    #####..
 Irradiate                Conj/Tmut      #.........   100%        5    ######.
 Lightning Bolt           Conj/Air       #.........   100%        5    ######.
 Metabolic Englaciation   Hex/Ice        #.........   100%        5    ######.
 Bolt of Cold             Conj/Ice       #.........   100%        6    #######
 Freezing Cloud           Conj/Ice/Air   #.........   100%        6    #######
 Hydra Form               Tmut           #.........   100%        6    #######
 Ozocubu's Refrigeration  Ice            #.........   100%        6    #######
 Simulacrum               Ice/Necr       #.........   100%        6    #######
 Statue Form              Tmut/Erth      #........    100%        6    #######
 Dragon Form              Tmut           #.........   100%        7    #######


Dungeon Overview and Level Annotations

Branches:
Dungeon (11/15)            Temple (1/1) D:4            Lair (3/6) D:8
  Swamp (0/4) Lair:3        Snake (0/4) Lair:2
    Orc: D:9-12

Altars:
Ashenzari
Cheibriados
Dithmenos
Elyvilon
Fedhas
Gozag
Hepliaklqana
Kikubaaqudgha
Makhleb
Nemelex Xobeh
Okawaru
Qazlal
Ru
Sif Muna
Trog
Uskayaw
Vehumet
Wu Jian
Xom
Yredelemnul
Zin
The Shining One
Beogh

Shops:
D:4 ?:*:[   D:7 *

Annotations:
D:7 2 transporters
D:9 2 transporters
Lair:3 Rupert


Innate Abilities, Weirdness & Mutations

You have hooves in place of feet.
Armour fits poorly on your strangely shaped body.
You cover ground very quickly.
You have extremely tough skin. (AC +3)


Message History

You are more poisoned.
The spiny frog poisons you!
b - a +4 scimitar of slicing (weapon)
You feel sick. The spiny frog stings you!
* * * LOW HITPOINT WARNING * * *
You are too injured to fight recklessly!
You are too injured to fight recklessly!
You are too injured to fight recklessly!
You hit the spiny frog but do no damage.
The spiny frog is severely wounded.
You feel very sick.
The spiny frog stings you but does no damage.
Your plate armour prevents you from hitting the spiny frog.
You kick the spiny frog.
The spiny frog is severely wounded.
You feel very sick. The spiny frog stings you!
* * * LOW HITPOINT WARNING * * *
The spiny frog stings you!
You die...

...# #. ##.. #.
#..# #. ###..##
###.
#####.....###.#.
#....#..........
##..P..(.........
##..(.#.#.........
##@F..(####..####.#
#(#..### #### ###
#((##.# #.(..###
P.(..## ## .#..##
[(.(.## # ###.
#....## ..#..(.
##.##.#. .$...( .
%(... ..#..#..
.....# Y#(..#
.....#...


You could see a spiny frog.

Vanquished Creatures
  2 two-headed ogres
  Pikel (D:5)
  A cyclops (D:9)
  2 oklob plants (Lair:2)
  Joseph (D:8)
  8 spiny frogs
  A rime drake (Lair:2)
  4 komodo dragons
  A troll (D:10)
  2 tyrant leeches (Lair:3)
  5 hippogriffs
  A wyvern (D:11)
  A hog (D:7)
  14 yaks
  2 hungry ghosts
  A human (D:7)
  3 nagas (Lair:2)
  4 water moccasins
  2 porcupines (Lair:1)
  2 orc warriors
  3 phantoms
  A sky beast (D:9)
  3 slaves (D:5)
  8 ogres
  A black bear (Lair:2)
  11 centaurs
  5 crocodiles
  Blork the orc (D:5)
  2 big kobolds
  6 bullfrogs
  2 wyvern skeletons
  4 scorpions
  A water moccasin skeleton (D:11)
  15 killer bees
  9 wights
  An electric eel (Lair:2)
  5 howler monkeys
  4 crimson imps
  3 centaur zombies
  A quasit (D:11)
  2 bullfrog zombies
  5 orc priests
  4 jellies
  3 orc wizards
  4 hounds
  2 iguanas
  6 worker ants
  2 hound skeletons
  A worker ant zombie (D:6)
  10 gnolls
  12 adders
  4 shadow imps
  3 oozes
  3 adder zombies
  An adder skeleton (D:7)
  A worm (D:4)
  A dart slug (D:3)
  5 leopard geckos
  18 orcs
  7 giant cockroaches
  2 goblins (D:1)
  3 hobgoblins
  8 jackals
  2 quokkas
  5 bats
  5 frilled lizards
  19 kobolds
  2 quokka skeletons
  A quokka zombie (D:9)
  4 rats
  A fungus (Lair:2)
  A plant (Lair:2)
291 creatures vanquished.

Vanquished Creatures (others)
  A quokka (D:6)
  A bush (Lair:3)
  A fungus (Lair:3)
  4 plants
7 creatures vanquished.

Grand Total: 298 creatures vanquished

Notes
Turn   | Place    | Note
-------+----------+-------------------------------------------
     0 | D:1      | MirrMurr the Centaur Hunter began the quest for the Orb.
     0 | D:1      | Reached XP level 1. HP: 17/17 MP: 1/1
   307 | D:1      | Reached XP level 2. HP: 17/24 MP: 2/2
   493 | D:1      | Reached skill level 6 in Bows
   825 | D:1      | Found a glowing golden altar of the Shining One.
  1285 | D:1      | Reached XP level 3. HP: 28/30 MP: 3/3
  1908 | D:2      | Reached skill level 7 in Bows
  1908 | D:2      | Reached XP level 4. HP: 17/38 MP: 4/4
  2092 | D:2      | Found an opulent altar of Gozag.
  2129 | D:3      | Found a blossoming altar of Fedhas.
  2572 | D:3      | Reached XP level 5. HP: 41/45 MP: 5/5
  3529 | D:4      | Found Utos's Armour Shoppe.
  3573 | D:4      | Found a staircase to the Ecumenical Temple.
  3580 | Temple   | Entered the Ecumenical Temple
  3633 | Temple   | Became a worshipper of Warmaster Okawaru
  3686 | D:4      | Found Bialiami's Book Boutique.
  3970 | D:4      | Found Botelen's Book Emporium.
  3975 | D:4      | Found Ywnetoisu's General Store.
  4141 | D:4      | Found Ifel's Magic Scroll Shoppe.
  4350 | D:4      | Reached skill level 8 in Bows
  4505 | D:5      | Entered Level 5 of the Dungeon
  4511 | D:5      | Reached skill level 13 in Bows
  4511 | D:5      | Reached XP level 6. HP: 52/52 MP: 5/12
  4894 | D:5      | Reached XP level 7. HP: 39/58 MP: 13/13
  4963 | D:5      | Found a glowing silver altar of Zin.
  5424 | D:5      | Noticed Blork the orc
  5434 | D:5      | Killed Blork the orc
  5494 | D:5      | Noticed Pikel
  5523 | D:5      | Killed Pikel
  5523 | D:5      | Reached * piety under Okawaru
  5523 | D:5      | Reached XP level 8. HP: 55/67 MP: 13/15
  6036 | D:6      | Noticed a hippogriff
  6280 | D:6      | Reached ** piety under Okawaru
  6764 | D:6      | Killed a hippogriff
  6764 | D:6      | Reached skill level 14 in Bows
  7092 | D:6      | Reached skill level 5 in Fighting
  7252 | D:6      | Found a white marble altar of Elyvilon.
  7503 | D:6      | Reached skill level 10 in Invocations
  7786 | D:7      | Reached XP level 9. HP: 74/74 MP: 16/16
  7838 | D:7      | Reached *** piety under Okawaru
  8134 | D:7      | Found a transporter.
  8134 | D:7      | Found a transporter.
  8251 | D:7      | Paralysed by fainting for 6 turns
  8332 | D:7      | Found a roughly hewn altar of Beogh.
  8545 | D:7      | Reached skill level 1 in Armour
  8618 | D:7      | Found Juaqu's General Store.
  8877 | D:7      | Reached **** piety under Okawaru
  9272 | D:8      | Noticed Joseph
  9283 | D:8      | Killed Joseph
  9283 | D:8      | Received a gift from Okawaru
  9283 | D:8      | Reached XP level 10. HP: 40/84 MP: 17/17
  9657 | D:8      | Found a shadowy altar of Dithmenos.
  9717 | D:8      | Found a staircase to the Lair.
 10430 | D:9      | Noticed a cyclops
 10434 | D:9      | Noticed a two-headed ogre
 10865 | D:9      | Found a radiant altar of Vehumet.
 10865 | D:9      | Found a shattered altar of Ashenzari.
 10880 | D:9      | Killed a cyclops
 10880 | D:9      | Reached ***** piety under Okawaru
 10880 | D:9      | Received a gift from Okawaru
 10908 | D:9      | Killed a two-headed ogre
 10984 | D:9      | Found a sparkling altar of Nemelex Xobeh.
 11004 | D:9      | Found a burning altar of Makhleb.
 11006 | D:9      | Found a snail-covered altar of Cheibriados.
 11009 | D:9      | Found a glowing silver altar of Zin.
 11213 | D:9      | Found a basalt altar of Yredelemnul.
 11214 | D:9      | Noticed a flayed ghost
 11215 | D:9      | Found an ancient bone altar of Kikubaaqudgha.
 11229 | D:9      | Found a transporter.
 11240 | D:9      | Found a transporter.
 11453 | D:9      | Upgraded the game from 0.24.0-7-gb3623d2c88 to
                  | 0.24.0-10-g970556be89
 11465 | D:10     | Entered Level 10 of the Dungeon
 11468 | D:10     | Noticed a two-headed ogre
 11476 | D:10     | Killed a two-headed ogre
 12186 | D:10     | Reached XP level 11. HP: 94/94 MP: 18/18
 13425 | D:11     | Received a gift from Okawaru
 13425 | D:11     | Reached skill level 5 in Dodging
 13755 | D:11     | Reached ****** piety under Okawaru
 14333 | Lair:1   | Entered Level 1 of the Lair of Beasts
 14676 | Lair:1   | Received a gift from Okawaru
 14762 | Lair:1   | Found a glowing golden altar of the Shining One.
 14770 | Lair:1   | Reached skill level 5 in Armour
 15776 | Lair:2   | Noticed an oklob plant
 15785 | Lair:2   | Noticed an oklob plant
 15978 | Lair:2   | Received a gift from Okawaru
 15978 | Lair:2   | Reached skill level 10 in Fighting
 16406 | Lair:2   | Found a staircase to the Snake Pit.
 17086 | Lair:2   | Killed an oklob plant
 18063 | Lair:2   | Killed an oklob plant
 18857 | Lair:2   | Found a staircase to the Snake Pit.
 19554 | Lair:3   | Reached XP level 12. HP: 107/107 MP: 19/19
 19574 | Lair:3   | Noticed Rupert
 19576 | Lair:3   | Paralysed by Rupert for 3 turns
 19587 | Lair:3   | Paralysed by Rupert for 3 turns
 19932 | Lair:3   | Received a gift from Okawaru
 19979 | Lair:3   | Found a staircase to the Swamp.
 20020 | Lair:3   | HP: 3/108 [tyrant leech (10)]
 20923 | Lair:3   | Received a gift from Okawaru
 20927 | Lair:3   | Got a distressingly furry centaur barding {god gift}
 20933 | Lair:3   | Identified the +3 centaur barding "Lodof" {rF+ rN+ rCorr}
                  | (Okawaru gifted it to you on level 3 of the Lair of Beasts)
 20934 | Lair:3   | @> thx Oka!
 21175 | Lair:3   | Slain by a spiny frog

Levels and vault maps discovered:
D:1:      sevenhm_arrival_forest_fort_small_6, layout_loops_ring,
          minmay_box_of_dots
D:2:      layout_basic, grunt_gozag_breadcrumbs
D:3:      layout_loops_corners, lemuel_crystal_altar
D:4:      layout_basic, minmay_temple_entry_mist, serial_shops, shop, shop,
          shop, nicolae_shop_behind_doors, nicolae_shop_stone, first_ration
D:5:      layout_loops_ring, basic_altar, uniq_blork_the_orc, uniq_pikel
D:6:      layout_layer_cave, elyvilon_altar_4, minmay_quadrilaterals
D:7:      gammafunk_beogh_shrine, layout_cave_pods, serial_shops,
          nicolae_shop_trees, grunt_livestock
D:8:      layout_basic, grunt_dithmenos_smoke_and_mirrors, david_lair_shrubbed,
          uniq_joseph
D:9:      layout_cave_pools, gammafunk_temple_of_torment, minitemple
D:10:     layout_grid_maze
D:11:     layout_long_grid, corexii_leaking_fountain
Temple:   cyrus_temple_forest
Lair:1:   layout_long_grid, lemuel_centaur_altar, grunt_megastairs_5
Lair:2:   layout_chaotic_city, guppyfry_snake_entry_garden,
          serial_bayou_shore_b, lemuel_fruit_fields, grunt_megastairs_1,
          infiniplex_staircase_pool, minmay_lair_oklob_chamber
Lair:3:   layout_concentric_octagons, minmay_swamp_entry_worms, uniq_rupert

Skill      XL: |  1  2  3  4  5  6  7  8  9 10 11 12 |
---------------+-------------------------------------+-----
Bows           | 6 7 13 14 | 14.0
Fighting       | 3 4 5 6 8 10 11 | 11.2
Invocations    | 9 10 | 10.0
Armour         | 2 4 5 6 |  6.1
Dodging        | 3 4 6 |  6.4
Stealth        | |  0.4

Action                   |  1- 3 |  4- 6 |  7- 9 | 10-12 || total
-------------------------+-------+-------+-------+-------++-------
Melee: Short sword       |   105 |    64 |       |       ||   169
       Kick              |    15 |    17 |    28 |    33 ||    93
       Whip              |       |    13 |    40 |       ||    53
       Flail             |       |       |    45 |       ||    45
       Scimitar          |       |       |    35 |    93 ||   128
 Fire: Shortbow          |    14 |    70 |   314 |   896 ||  1294
Invok: Heroism           |       |       |       |     2 ||     2
  Use: Scroll            |       |    14 |     7 |     9 ||    30
       Potion            |       |     1 |       |     1 ||     2
  Eat: Chunk             |     1 |     5 |    14 |    20 ||    40
       Ration            |       |     1 |     1 |     4 ||     6
Armor: Ring mail         |    44 |    49 |       |       ||    93
       Plate armour      |       |     7 |   133 |   167 ||   307
Dodge: Dodged            |    35 |    38 |    39 |    76 ||   188
       Rpst.: Scimitar   |       |       |       |    12 ||    12
